 Dungeon Crawl Stone Soup version 0.31-a0-803-g95b03c3367 (webtiles) character file.

Game seed: 258296593901903593

26 senseless the Ruffian (level 2, -7/23 HPs)
             Began as a Demigod Shapeshifter on Sept 20, 2023.
             Mangled by a gnoll
             ... wielding a +0 halberd
              (11 damage)
             ... on level 2 of the Dungeon.
             The game lasted 00:01:15 (1164 turns).

senseless the Ruffian (Demigod Shapeshifter)        Turns: 1164, Time: 00:01:15

Health: -7/23      AC:  2    Str: 15    XL:     2   Next: 69%
Magic:  4/4        EV: 12    Int: 12    God:
Gold:   64         SH:  0    Dex: 13    Spells: 1/1 levels left

rFire   . .          .
                       - Unarmed
rCold   . . .        (no shield)
rNeg    . . .        a - +0 animal skin
rPois   .            (helmet currently unavailable)
rElec   .            (cloak currently unavailable)
rCorr   .            (gloves currently unavailable)
SInv    .            (boots currently unavailable)
Will    .....        (no amulet)
Stlth   +            (no ring)
HPRegen 0.23/turn    (no ring)
MPRegen 0.09/turn

%: no passive effects
@: beast-form
A: beast (slay +1), high MP 1, forlorn, divine attributes
a: Begin Untransformation


You were on level 2 of the Dungeon.
You were a hulking beast.
You visited 1 branch of the dungeon, and saw 2 of its levels.

You collected 64 gold pieces.

Inventory:

Armour
 a - a +0 animal skin (worn)
Magical Staves
 l - a staff of air
Talismans
 c - a beast talisman (active)
 d - a flux talisman
Wands
 n - a wand of flame (24) (quivered)
Scrolls
 e - a scroll of fog {unknown}
 f - a scroll of blinking {unknown}
 i - 2 scrolls of vulnerability {unknown}
 j - a scroll of silence {unknown}
 k - a scroll of teleportation {unknown}
 m - a scroll of revelation {unknown}
Potions
 b - 3 potions of lignification
 g - 2 potions of degeneration {unknown}
 h - a potion of might {unknown}


   Skills:
 + Level 1.4 Fighting
 + Level 2.1 Dodging
 + Level 3.0 Unarmed Combat
 + Level 2.9 Shapeshifting


You had one spell level left.
You didn't know any spells.
Your spell library contained the following spells:

 Spells                   Type           Power      Damage    Failure   Level
 Hailstorm                Conj/Ice       0%         3d3       69%         3
 Summon Ice Beast         Ice/Summ       0%         N/A       97%         4
 Simulacrum               Ice/Necr       0%         N/A       100%        6


Dungeon Overview and Level Annotations

Branches:
Dungeon (2/15)


Innate Abilities, Weirdness & Mutations

You are a hulking beast.
Your limbs bulge with bestial killing power. (Slay +1)
You have an increased reservoir of magic. (+10% MP)
You shall have no god before yourself.
Your divine heritage dramatically boosts your attributes as you level up.


Message History

The gnoll shouts!
The kobold barely misses you.
You barely miss the kobold.
A gnoll comes into view. It is wielding a +0 whip.
The kobold barely misses you.
You closely miss the kobold.
The gnoll shouts!
The kobold closely misses you.
You closely miss the gnoll.
A rat comes into view.
The kobold closely misses you. The gnoll barely misses you.
You barely miss the gnoll. The kobold hits you but does no damage.
The gnoll hits you with a +0 flail!
You are too injured to fight recklessly!
You are too injured to fight recklessly!
You are too injured to fight recklessly!
You are too injured to fight recklessly!
You are too injured to fight recklessly!
You are too injured to fight recklessly!
You are too injured to fight recklessly!
You are too injured to fight recklessly!
You are too injured to fight recklessly!
You are too injured to fight recklessly!
You are too injured to fight recklessly!
You are too injured to fight recklessly!
You are too injured to fight recklessly!
You are too injured to fight recklessly!
The kobold attacks as it pursues you! The kobold misses you.
The gnoll attacks as it pursues you!
The gnoll hits you from afar with a +0 halberd!
* * * LOW HITPOINT WARNING * * *
The gnoll attacks as it pursues you! The gnoll barely misses you.
You hit the gnoll.
The gnoll is moderately wounded.
The gnoll barely misses you. The gnoll misses you.
You hit the gnoll.
The gnoll is heavily wounded.
The gnoll closely misses you.
The gnoll hits you from afar with a +0 halberd!
You die...

##############.
#..............
#.#####...####
#######.#####....#
..........hggKr†.#
########.#####.....#
#.....#..........#
#.####.#####........
####.####.#
#.....##.
#.........# #.....#
##.##.###### ###.###
###.#^#.######### ..
#..###...†.......


You could see 2 gnolls, a kobold and a rat.

Vanquished Creatures
  2 dart slugs (D:1)
  2 ball pythons (D:1)
  4 endoplasms
  A giant cockroach (D:1)
  A goblin (D:1)
  2 hobgoblins
  A kobold (D:1)
  3 bats (D:2)
  3 frilled lizards
  A rat (D:1)
20 creatures vanquished.

Notes
Turn   | Place    | Note
-------+----------+-------------------------------------------
     0 | D:1      | senseless the Demigod Shapeshifter began the quest for the
                  | Orb.
     0 | D:1      | Reached XP level 1. HP: 15/15 MP: 3/3
    62 | D:1      | Reached skill level 1 in Fighting
   544 | D:1      | Reached XP level 2. HP: 21/23 MP: 4/4
  1101 | D:2      | Reached skill level 3 in Unarmed Combat
  1164 | D:2      | Mangled by a gnoll

Illustrated notes

Levels and vault maps discovered:
D:1:      dpeg_arrival_stone_temple_mockup, layout_basic
D:2:      layout_loops_ring, corexii_leaking_fountain, minmay_stone_trees_small

Skill      XL: |  1  2 |
---------------+-------+-----
Fighting       | 1 |  1.4
Dodging        | 2 |  2.1
Unarmed Combat | 3 |  3.0
Shapeshifting  | |  2.9

Action                     || total
---------------------------++-------
  Melee: Unarmed           ||    64
         Punch             ||     3
   Stab: Sleeping          ||     2
 Armour: Animal skin       ||    30
  Dodge: Dodged            ||    37

Table legend: (Time is in decaauts)
 A = Elapsed time spent in this place.
 B = Non-inter-level travel time spent in this place.
 C = Inter-level travel time spent in this place.
 D = Time resting spent in this place.
 E = Time spent auto-exploring this place.
 F = Levels seen in this place.
 G = Mean time per level.
                   A        B        C        D        E       F      G
               +--------+--------+--------+--------+--------+-----+--------+
         Total |   1160 |   1099 |     61 |      0 |    941 |   2 |  580.0 |
       Dungeon |   1160 |   1099 |     61 |      0 |    941 |   2 |  580.0 |
               +--------+--------+--------+--------+--------+-----+--------+

Top non-repeatable levels by time:
     D:1: 1056 daAuts
     D:2: 104 daAuts
